 Dungeon Crawl Stone Soup version 0.31-a0-167-g1c394c0614 (webtiles) character file.

Game seed: 17399288562813771812

175 qw the Shooter (level 5, -7/46 HPs)
             Began as a Naga Hunter on June 14, 2023.
             Killed by divine providence
             ... invoked by an orc priest
              (8 damage)
             ... on level 4 of the Dungeon.
             The game lasted 00:00:44 (1974 turns).

qw the Shooter (Naga Hunter)                        Turns: 1974, Time: 00:00:44

Health: -7/46      AC:  9    Str: 13    XL:     5   Next: 55%
Magic:  5/5        EV:  7    Int:  9    God:
Gold:   167        SH:  0    Dex: 17    Spells: 4/4 levels left

rFire   . . .        Y - +0 shortbow
rCold   . . .        (shield currently unavailable)
rNeg    . . .        c - +0 leather armour
rPois   +            (no helmet)
rElec   .            b - +0 cloak
rCorr   .            (no gloves)
SInv    +            i - +0 barding
Will    .....        (no amulet)
Stlth   ++           (no ring)
HPRegen 0.27/turn    (no ring)
MPRegen 0.09/turn

%: no passive effects
@: lethally poisoned (-7 -> -15), about to teleport, short of breath, very slow
A: AC +1, large, see invisible, deformed body, poison resistance, slowness 2,
spit poison 1, naga tail 1
a: Spit Poison


You were on level 4 of the Dungeon.
You visited 1 branch of the dungeon, and saw 4 of its levels.

You collected 167 gold pieces.


Innate Abilities, Weirdness & Mutations

Your serpentine skin is tough. (AC +1)
You have supernaturally acute eyesight. (SInv)
Armour fits poorly on your strangely shaped body.
Your system is resistant to poisons. (rPois)
You cover ground very slowly.
You can spit poison.
You have a snake-like lower body.


   Skills:
 + Level 2.4 Fighting
 - Level 5.0 Ranged Weapons
 - Level 2.5 Armour
 - Level 1.5 Dodging
 - Level 1.5 Stealth


You had 4 spell levels left.
You didn't know any spells.
Your spell library was empty.

Inventory:

Hand Weapons
 Y - a +0 shortbow (weapon)
Armour
 b - a +0 cloak (worn)
 c - a +0 leather armour (worn)
 i - a +0 barding (worn)
Jewellery
 h - a ring of ice
Scrolls
 d - a scroll of identify
Potions
 a - a potion of cancellation
 f - a potion of curing
 g - a potion of mutation

Dungeon Overview and Level Annotations

Branches:
Dungeon (4/15)
 Temple: D:4-7

Altars:
Ashenzari
Dithmenos
Elyvilon
Fedhas
Hepliaklqana
Uskayaw
Vehumet


Message History

You shoot an arrow. The arrow hits the hornet.
The hornet is moderately wounded.
The orc hits you with a +0 whip. The orc hits you but does no damage.
The orc priest miscasts a cantrip.
The hornet stings you.
You feel yourself slow down.
You shoot an arrow.
The arrow hits the hornet but does no damage.
The hornet is moderately wounded.
You feel yourself speed up.
The hornet stings you but does no damage.
The orc barely misses you.
The orc priest calls down the wrath of Beogh upon you.
Beogh smites you! The orc hits you but does no damage. The hornet stings you.
The orc barely misses you. The orc hits you but does no damage.
The hornet stings you but does no damage.
You shoot an arrow. The arrow barely misses the hornet.
The hornet closely misses you. The orc priest barely misses you.
The orc hits you with a +0 whip. The orc closely misses you.
The hornet barely misses you.
You shoot an arrow. The arrow barely misses the hornet.
The orc priest hits you but does no damage.
The orc hits you with a +0 whip. The orc hits you with a +0 dagger.
The hornet closely misses you.
1973 ||| READING scroll of teleportation.
As you read the scroll of teleportation, it crumbles to dust.
You feel strangely unstable.
You have got your breath back.
The hornet stings you but does no damage.
The orc priest hits you with a +0 mace. The orc completely misses you.
The orc hits you but does no damage. The hornet stings you.
You are lethally poisoned!
1974 ||| INVOKING Spit Poison.
Aiming: Spit Poison (1% risk of failure)
Press: ? - help, Shift-Dir - straight line, f/p - hornet The splash of poison hits the hornet but does no damage.
The hornet is heavily wounded.
You feel very sick.
The orc priest invokes the aid of Beogh against you.
Beogh smites you!
You die...

.. ..# ######..
#...... #.....
##....
####..oy######
....).o@.....#
#..#..#o####)##
#. #(.....<# #
######.#####
#......))...#
#.#####.....#
#.....# #######


You could see a hornet (poisoned), an orc priest and 2 orcs.

Vanquished Creatures
  A black bear (D:3)
  An orc wizard (D:4)
  An adder (D:2)
  A dart slug (D:1)
  2 orcs
  2 bats (D:1)
  6 endoplasms
  3 giant cockroaches
  4 goblins
  7 hobgoblins
  A quokka (D:2)
  5 ball pythons
  5 kobolds
  4 rats
43 creatures vanquished.

Notes
Turn   | Place    | Note
-------+----------+-------------------------------------------
     0 | D:1      | qw the Naga Hunter began the quest for the Orb.
     0 | D:1      | Reached XP level 1. HP: 19/19 MP: 1/1
     0 | D:1      | 0 ||| qw: Version: 0.2-a-29-g1fa15c8
     0 | D:1      | 0 ||| qw: Game counter: 4985
     0 | D:1      | 0 ||| qw: Always use a shield: true
     0 | D:1      | 0 ||| qw: God list: Okawaru
     0 | D:1      | 0 ||| qw: Allow faded altars: false
     0 | D:1      | 0 ||| qw: Do Orc after D:15 true
     0 | D:1      | 0 ||| qw: Do second Lair branch before Depths: true
     0 | D:1      | 0 ||| qw: Lair rune preference: random
     0 | D:1      | 0 ||| qw: Plans: Normal
     0 | D:1      | 0 ||| PLANNING D:1-11
    11 | D:1      | 11 ||| INVOKING Spit Poison.
    17 | D:1      | 17 ||| INVOKING Spit Poison.
    52 | D:1      | 52 ||| INVOKING Spit Poison.
   283 | D:1      | 283 ||| INVOKING Spit Poison.
   285 | D:1      | 285 ||| Stepping ~*~*~tactically~*~*~ (outnumbered).
   287 | D:1      | Reached skill level 4 in Ranged Weapons
   287 | D:1      | Reached XP level 2. HP: 26/26 MP: 2/2
   288 | D:1      | 288 ||| INVOKING Spit Poison.
   290 | D:1      | 290 ||| INVOKING Spit Poison.
   296 | D:1      | 296 ||| INVOKING Spit Poison.
   406 | D:1      | 406 ||| INVOKING Spit Poison.
   451 | D:1      | 451 ||| INVOKING Spit Poison.
   455 | D:1      | 455 ||| INVOKING Spit Poison.
   637 | D:1      | 637 ||| INVOKING Spit Poison.
   650 | D:1      | 650 ||| UPGRADING to +0 barding.
   655 | D:1      | 655 ||| READING scroll labelled VUOLOUR QUODEI.
   656 | D:1      | 656 ||| READING scroll labelled NEPLO QEMA.
   659 | D:1      | 659 ||| READING scroll labelled ICOIFABB DERRU.
   660 | D:1      | 660 ||| READING 2 scrolls labelled TERUNO NUDGHO.
   661 | D:1      | 661 ||| READING scroll labelled DANGOTUENO.
   662 | D:1      | 662 ||| DROPPING scroll of butterflies.
   663 | D:1      | 663 ||| DROPPING scroll of poison.
   673 | D:2      | 673 ||| INVOKING Spit Poison.
   723 | D:2      | 723 ||| INVOKING Spit Poison.
   736 | D:2      | 736 ||| INVOKING Spit Poison.
   742 | D:2      | Reached XP level 3. HP: 29/32 MP: 3/3
   865 | D:2      | 865 ||| INVOKING Spit Poison.
   935 | D:2      | 935 ||| INVOKING Spit Poison.
   950 | D:2      | 950 ||| INVOKING Spit Poison.
   956 | D:2      | 956 ||| INVOKING Spit Poison.
  1202 | D:2      | 1202 ||| READING scroll labelled MUTOOX HI PAOWU.
  1260 | D:2      | 1260 ||| READING scroll labelled GUCWOJ HANYTHRE.
  1261 | D:2      | 1261 ||| DRINKING 2 lumpy yellow potions.
  1261 | D:2      | Gained mutation: You expend magic power (3 MP) to
                  | strengthen your wands. [potion of mutation]
  1261 | D:2      | Lost mutation: You expend magic power (3 MP) to strengthen
                  | your wands. [potion of mutation]
  1262 | D:2      | 1262 ||| READING 4 scrolls of identify.
  1262 | D:2      | 1262 ||| IDENTIFYING grey potion
  1263 | D:2      | 1263 ||| DROPPING potion of brilliance.
  1302 | D:3      | 1302 ||| INVOKING Spit Poison.
  1532 | D:3      | 1532 ||| INVOKING Spit Poison.
  1610 | D:3      | 1610 ||| INVOKING Spit Poison.
  1625 | D:3      | Found a radiant altar of Vehumet.
  1626 | D:3      | 1626 ||| INVOKING Spit Poison.
  1640 | D:3      | Found a blossoming altar of Fedhas.
  1641 | D:3      | Found a hazy altar of Hepliaklqana.
  1641 | D:3      | Found a broken altar of Ashenzari.
  1643 | D:3      | Found a hide-covered altar of Uskayaw.
  1643 | D:3      | Found a shadowy altar of Dithmenos.
  1644 | D:3      | Found a white marble altar of Elyvilon.
  1692 | D:3      | 1692 ||| INVOKING Spit Poison.
  1795 | D:3      | 1795 ||| UPGRADING to +0 cloak.
  1800 | D:3      | 1800 ||| READING 3 scrolls of identify.
  1800 | D:3      | 1800 ||| IDENTIFYING red potion
  1801 | D:3      | 1801 ||| READING 2 scrolls of identify.
  1801 | D:3      | 1801 ||| IDENTIFYING silvery potion
  1810 | D:4      | 1810 ||| INVOKING Spit Poison.
  1810 | D:4      | Noticed a black bear
  1813 | D:4      | 1813 ||| STAIRDANCE
  1815 | D:3      | 1815 ||| INVOKING Spit Poison.
  1818 | D:3      | 1818 ||| INVOKING Spit Poison.
  1818 | D:3      | Killed a black bear
  1819 | D:3      | Reached XP level 4. HP: 18/39 MP: 4/4
  1819 | D:3      | Reached XP level 5. HP: 21/45 MP: 5/5
  1823 | D:3      | 1823 ||| INVOKING Spit Poison.
  1824 | D:3      | 1824 ||| INVOKING Spit Poison.
  1941 | D:4      | 1941 ||| INVOKING Spit Poison.
  1955 | D:4      | 1955 ||| INVOKING Spit Poison.
  1958 | D:4      | Reached skill level 5 in Ranged Weapons
  1960 | D:4      | 1960 ||| INVOKING Spit Poison.
  1963 | D:4      | 1963 ||| INVOKING Spit Poison.
  1963 | D:4      | Noticed a hornet
  1968 | D:4      | 1968 ||| INVOKING Spit Poison.
  1972 | D:4      | HP: 10/46 [orc/+0 whip (4)]
  1973 | D:4      | 1973 ||| READING scroll of teleportation.
  1973 | D:4      | HP: 3/46 [hornet (3)]
  1974 | D:4      | 1974 ||| INVOKING Spit Poison.
  1974 | D:4      | HP: 1/46 [poisoned by a hornet]
  1974 | D:4      | Killed from afar by an orc priest

Levels and vault maps discovered:
D:1:      lemuel_arrival_lava_pool, layout_loops_ring
D:2:      layout_basic, serial_bayou_pond_c, guppyfry_early_lair_pool
D:3:      layout_basic, grunt_temple_overflow_open
D:4:      layout_basic, uniq_duvessa

Skill      XL: |  1  2  3  4  5 |
---------------+----------------+-----
Ranged Weapons | 4 5 |  5.0
Armour         | 2 |  2.5
Fighting       | |  2.4
Dodging        | |  1.5
Stealth        | |  1.5

Action                     |  1- 3 |  4- 6 || total
---------------------------+-------+-------++-------
   Fire: Shortbow          |    72 |    20 ||    92
Ability: Spit Poison       |    25 |     7 ||    32
    Use: Scroll            |    10 |     1 ||    11
         Potion            |     1 |       ||     1
 Armour: Leather armour    |    23 |    19 ||    42
  Dodge: Dodged            |    20 |    12 ||    32

Table legend:
 A = Non-vault XP
 B = Vault XP
 C = Vault XP percentage of total XP
 D = Non-vault monster count
 E = Vault monster count
 F = Vault count percentage of total count
                 A         B        C        D         E       F
            +---------+---------+-------+---------+---------+-------
      Total |     251 |       0 |   0.0 |      43 |       0 |   0.0
            +---------+---------+-------+---------+---------+-------
        D:1 |      24 |       0 |   0.0 |      13 |       0 |   0.0
        D:2 |      34 |       0 |   0.0 |      13 |       0 |   0.0
        D:3 |     148 |       0 |   0.0 |      12 |       0 |   0.0
        D:4 |      45 |       0 |   0.0 |       5 |       0 |   0.0
            +---------+---------+-------+---------+---------+-------
